 Dungeon Crawl Stone Soup version 0.31-a0-237-g2d982f9f85 (webtiles) character file.

Game seed: 8133202853631154405

56 qw the Shooter (level 3, -2/21 HPs)
             Began as a Gargoyle Hexslinger on July 11, 2023.
             Slain by Terence
             ... wielding a +0 hand axe
              (5 damage)
             ... on level 2 of the Dungeon.
             The game lasted 00:00:30 (1459 turns).

qw the Shooter (Gargoyle Hexslinger)                Turns: 1459, Time: 00:00:31

Health: -2/21      AC:  5    Str: 11    XL:     3   Next: 95%
Magic:  4/4        EV: 12    Int: 13    God:
Gold:   86         SH:  0    Dex: 14    Spells: 3/4 levels left

rFire   . . .        Y - +1 sling
rCold   . . .        (no shield)
rNeg    + . .        c - +0 robe
rPois   inf          (no helmet)
rElec   +            (no cloak)
rCorr   .            (no gloves)
SInv    .            (no boots)
Will    .....        (no amulet)
Stlth   +            (no ring)
HPRegen 0.23/turn    (no ring)
MPRegen 0.09/turn

%: no passive effects
@: no status effects
A: sickness immunity, AC +3, negative energy resistance 1, electricity
resistance, torment resistance 1, petrification resistance
a: no special abilities


You were on level 2 of the Dungeon.
You visited 1 branch of the dungeon, and saw 2 of its levels.

You collected 86 gold pieces.


Innate Abilities, Weirdness & Mutations

You are immune to sickness and miasma.
Your stone body is resilient. (AC +3)
You are immune to poison.
You resist negative energy. (rN+)
You are resistant to electric shocks. (rElec)
You are resistant to unholy torment.
You are immune to petrification.


   Skills:
 - Level 2.0 Fighting
 + Level 3.7 Ranged Weapons
 - Level 1.5 Dodging
 - Level 1.0 Spellcasting
 - Level 2.6 Hexes


You had 3 spell levels left.
You knew the following spells:

 Your Spells              Type           Power      Damage    Failure   Level
a - Slow                  Hex            28%        N/A       10%         1

Your spell library contained the following spells:

 Spells                   Type           Power      Damage    Failure   Level
 Inner Flame              Hex/Fire       4%         N/A       43%         3
 Portal Projectile        Hex/Tloc       8%         N/A       43%         3
 Cause Fear               Hex            3%         N/A       67%         4

Inventory:

Hand Weapons
 Y - a +1 sling (weapon)
Armour
 c - a +0 robe (worn)
Scrolls
 a - 2 scrolls of identify {unknown}
 b - a scroll of fog {unknown}
 f - a scroll of blinking {unknown}
Potions
 d - 3 potions of degeneration {unknown}
 e - 2 potions of curing

Dungeon Overview and Level Annotations

Branches:
Dungeon (2/15)

Altars:

Shops:
D:2 (

Annotations:
D:2 Terence


Message History

The sling bullet closely misses Terence.
Terence hits you but does no damage.
You shoot a sling bullet.
The sling bullet hits Terence but does no damage.
Terence is moderately wounded.
Terence barely misses you. Terence hits you with a +0 hand axe.
You shoot a sling bullet. The sling bullet hits Terence.
Terence is moderately wounded.
Terence hits you with a +0 hand axe.
You shoot a sling bullet. The sling bullet hits Terence.
Terence is heavily wounded.
Terence hits you with a +0 hand axe.
You shoot a sling bullet.
The sling bullet hits Terence but does no damage.
Terence is heavily wounded.
Terence closely misses you.
You shoot a sling bullet.
The sling bullet hits Terence but does no damage.
Terence is heavily wounded.
Terence barely misses you.
You shoot a sling bullet. The sling bullet hits Terence.
Terence is heavily wounded.
Terence hits you with a +0 hand axe! Terence barely misses you.
You shoot a sling bullet. The sling bullet hits Terence.
Terence is severely wounded.
Terence barely misses you.
You shoot a sling bullet. The sling bullet barely misses Terence.
Terence closely misses you.
You shoot a sling bullet.
The sling bullet hits Terence but does no damage.
Terence is severely wounded.
Terence hits you with a +0 hand axe.
You shoot a sling bullet.
The sling bullet hits Terence but does no damage.
Terence is severely wounded.
Terence closely misses you.
You shoot a sling bullet.
The sling bullet closely misses Terence.
Terence hits you with a +0 hand axe. x2
You die...

#<...##### #....########
###### #.#.........# #
#.#########.# #####
##.#.......# ....####
#..#.#####.# .......#
##..#.#.....# .###.#.#
#...#.#.#####.#
.#...#.###..##.#.#......
...........###.#@@..#
...###.#...#...######
...# #.#.###%###
...###.#.....#
.....#.#######
.#.#.#.....#
...#.#####.#
.###.......# .#
#########


You could see Terence (strong).

Vanquished Creatures
  2 adders (D:2)
  A dart slug (D:2)
  5 bats
  3 endoplasms (D:1)
  A giant cockroach (D:1)
  2 goblins
  3 hobgoblins
  2 quokkas (D:1)
  6 ball pythons
  4 frilled lizards
  6 kobolds
  A rat (D:1)
36 creatures vanquished.

Notes
Turn   | Place    | Note
-------+----------+-------------------------------------------
     0 | D:1      | qw the Gargoyle Hexslinger began the quest for the Orb.
     0 | D:1      | Reached XP level 1. HP: 12/12 MP: 2/2
     0 | D:1      | 0 ||| qw: Version: 0.3-a-52-g30416fa
     0 | D:1      | 0 ||| qw: Game counter: 5734
     0 | D:1      | 0 ||| qw: Melee chars always use a shield: true
     0 | D:1      | 0 ||| qw: God list: Okawaru
     0 | D:1      | 0 ||| qw: Allow faded altars: false
     0 | D:1      | 0 ||| qw: Do Orc after clearing Dungeon:15 true
     0 | D:1      | 0 ||| qw: Do second Lair branch before Depths: true
     0 | D:1      | 0 ||| qw: Lair rune preference: random
     0 | D:1      | 0 ||| qw: Goals: Normal
     0 | D:1      | 0 ||| PLANNING D:1-11
   220 | D:1      | Reached XP level 2. HP: 16/16 MP: 3/3
   534 | D:1      | Reached skill level 3 in Ranged Weapons
   686 | D:1      | Reached XP level 3. HP: 21/21 MP: 4/4
  1000 | D:1      | 1000 ||| DROPPING ring of flight.
  1001 | D:1      | 1001 ||| READING scroll labelled TEKEYTOGIV.
  1004 | D:1      | 1004 ||| READING scroll labelled ODWIRY RELUN.
  1005 | D:1      | 1005 ||| READING scroll labelled VOCEG TAMAAFA.
  1021 | D:1      | 1021 ||| READING scroll labelled NARPHOPS HATUUH.
  1022 | D:1      | 1022 ||| DRINKING 3 murky yellow potions.
  1023 | D:1      | 1023 ||| DROPPING scroll of poison.
  1307 | D:2      | Found Suigovei's Antique Weapon Shoppe.
  1444 | D:2      | Noticed Terence
  1457 | D:2      | HP: 5/21 [Terence/+0 hand axe (2)]
  1459 | D:2      | Slain by Terence

Levels and vault maps discovered:
D:1:      shiori_arrival_oz, layout_loops_corners,
          nicolae_concentric_dashed_squares_wild
D:2:      layout_basic, serial_shops, nicolae_shop_real_fake_doors, uniq_terence

Skill      XL: |  1  2  3 |
---------------+----------+-----
Ranged Weapons | 3 |  3.7
Fighting       | 2 |  2.0
Dodging        | |  1.5
Spellcasting   | |  1.0
Hexes          | |  2.6

Action                     || total
---------------------------++-------
   Fire: Sling             ||   123
    Use: Scroll            ||     4
         Potion            ||     1
 Armour: Robe              ||    12
  Dodge: Dodged            ||    50

Table legend:
 A = Non-vault XP
 B = Vault XP
 C = Vault XP percentage of total XP
 D = Non-vault monster count
 E = Vault monster count
 F = Vault count percentage of total count
                 A         B        C        D         E       F
            +---------+---------+-------+---------+---------+-------
      Total |      78 |       2 |   2.5 |      34 |       2 |   5.6
            +---------+---------+-------+---------+---------+-------
        D:1 |      35 |       2 |   5.4 |      22 |       2 |   8.3
        D:2 |      43 |       0 |   0.0 |      12 |       0 |   0.0
            +---------+---------+-------+---------+---------+-------
